 Dungeon Crawl Stone Soup version 0.27-a0-1189-gb8eb6cee8e (webtiles) character file.

Game seed: 16687134175398007452

508 wakim the Sneak (level 6, -1/28 HPs)
             Began as a Spriggan Enchanter on May 22, 2021.
             Slain by a vampire (5 damage)
             ... on level 5 of the Dungeon.
             The game lasted 00:14:26 (5248 turns).

wakim the Sneak (Spriggan Enchanter)                Turns: 5248, Time: 00:14:26

Health: -1/28      AC:  3    Str:  5    XL:     6   Next: 98%
Magic:  2/11       EV: 18    Int: 17    God:
Gold:   153        SH:  6    Dex: 16    Spells: 7/10 levels left

rFire    . . .     SeeInvis +   a - +5 dagger (vorpal)
rCold    . . .     Faith    .   f - +0 buckler
rNeg     . . .     Spirit   .   b - +1 robe
rPois    .         Reflect  .   (helmet restricted)
rElec    .         Harm     .   (no cloak)
rCorr    .         Rampage  .   (gloves unavailable)
Will     +....                  (boots unavailable)
Stlth    +++.......             g - amulet of the acrobat
HPRegen  0.09/turn              (no ring)
MPRegen  0.12/turn              (no ring)

@: very slightly contaminated, very quick
A: very small, no large weapons, unfitting armour, see invisible, speed 3
a: no special abilities


You were on level 5 of the Dungeon.
You visited 1 branch of the dungeon, and saw 5 of its levels.

You collected 153 gold pieces.

Inventory:

Hand Weapons
 a - a +5 vorpal dagger (weapon)
Missiles
 i - 8 atropa-tipped darts
 n - 7 poisoned darts
Armour
 b - a +1 robe (worn)
 f - a +0 buckler (worn)
Jewellery
 g - an amulet of the acrobat (around neck)
Scrolls
 h - 2 scrolls of brand weapon
 l - a scroll of enchant armour
 R - 3 scrolls of magic mapping {!r}
Potions
 c - 3 potions of heal wounds {unknown}
 e - a potion of attraction {unknown}
 k - a potion of magic {unknown}
 m - a potion of invisibility {unknown}
 G - 4 potions of flight


   Skills:
 + Level 3.5 Short Blades
 + Level 4.4 Dodging
 + Level 6.5 Stealth
 * Level 2.2 Shields
 - Level 2.6 Spellcasting
 - Level 5.0 Hexes
 - Level 2.0 Ice Magic


You had 7 spell levels left.
You knew the following spells:

 Your Spells              Type           Power      Damage    Failure   Level
a - Corona                Hex            21%        N/A       3%          1
x - Ensorcelled Hibernat  Hex/Ice        28%        N/A       9%          2

Your spell library contained the following spells:

 Spells                   Type           Power      Damage    Failure   Level
 Confusing Touch          Hex            19%        N/A       10%         3
 Tukima's Dance           Hex            19%        N/A       10%         3
 Freeze                   Ice            36%        1d6       11%         1
 Dazzling Flash           Conj/Hex       20%        N/A       26%         3
 Frozen Ramparts          Ice            18%        1d3       32%         3
 Ozocubu's Armour         Ice            9%         N/A       32%         3
 Hailstorm                Conj/Ice       5%         3d4       86%         4
 Metabolic Englaciation   Hex/Ice        7%         N/A       86%         5


Dungeon Overview and Level Annotations

Branches:
Dungeon (5/15)
 Temple: D:4-7

Altars:
Ashenzari
Cheibriados
Dithmenos
Kikubaaqudgha
Okawaru
Yredelemnul

Annotations:
D:4 Grinder


Innate Abilities, Weirdness & Mutations

You are very small and have problems with some larger weapons.
You are too small for most types of armour.
You have supernaturally acute eyesight. (SInv)
You cover ground extremely quickly. (Speed+++)


Message History

You hit the vampire but do no damage.
The vampire is lightly damaged.
The vampire hits you! The vampire closely misses you.
The vampire is unaffected.
Casting: Ensorcelled Hibernation (safe; 9% risk of failure)
Confirm with . or Enter, or press ? or * to list all spells.
You don't know that spell.
Unknown command.
Casting: Ensorcelled Hibernation (safe; 9% risk of failure)
Confirm with . or Enter, or press ? or * to list all spells.
Aiming: Ensorcelled Hibernation (safe; 9% risk of failure)
Press: ? - help, Shift-Dir - straight line, f - ogre, p - vampire
Aim: an ogre, wielding a +0 giant club (chance to affect: 45%)
The ogre resists with some effort.
The vampire closely misses you. The vampire bites you.
The vampire draws strength from your injuries!
The ogre closely misses you.
Casting: Ensorcelled Hibernation (safe; 9% risk of failure)
Confirm with . or Enter, or press ? or * to list all spells.
Aiming: Ensorcelled Hibernation (safe; 9% risk of failure)
Press: ? - help, Shift-Dir - straight line, f/p - ogre
Aim: an ogre, wielding a +0 giant club (chance to affect: 45%)
You miscast Ensorcelled Hibernation.
You are very lightly contaminated with residual magic.
Nothing appears to happen.
The vampire misses you. The vampire bites you.
The vampire draws strength from your injuries!
You block the ogre's attack.
Casting: Ensorcelled Hibernation (safe; 9% risk of failure)
Confirm with . or Enter, or press ? or * to list all spells.
Aiming: Ensorcelled Hibernation (safe; 9% risk of failure)
Press: ? - help, Shift-Dir - straight line, f/p - ogre
Aim: an ogre, wielding a +0 giant club (chance to affect: 45%)
The ogre resists with some effort.
The vampire hits you!
* * * LOW HITPOINT WARNING * * *
The vampire barely misses you. You block the ogre's attack.
As you read the scroll labelled KUNYGIDIAT, it crumbles to dust.
It is a scroll of identify.
d - 4 potions of flight;
G - 4 potions of flight The vampire hits you.
You die...

............M....# #.####
............V....#####...#
.........>.....###....####
...........#.......##...#
.........####.....####.##
.........# #.....## #.##
.....###.###.#..## #.# ...
#†##O##..# ### #
##V@###..# #### ..## ####


You could see a vampire (invisible) and an ogre.

Vanquished Creatures
  Menkaure (D:5)
  A black bear (D:4)
  A kobold brigand (D:4)
  A hound (D:4)
  An iguana (D:4)
  Natasha (D:4)
  Robin (D:3)
  4 adders
  5 worms
  2 dart slugs
  5 orcs (D:4)
  5 ball pythons
  2 endoplasms
  2 giant cockroaches
  15 goblins
  5 hobgoblins
  13 jackals
  2 quokkas
  12 frilled lizards
  2 kobolds
  8 rats
89 creatures vanquished.

Vanquished Creatures (others)
  A human (D:4)
  5 plants (D:3)
6 creatures vanquished.

Grand Total: 95 creatures vanquished

Notes
Turn   | Place    | Note
-------+----------+-------------------------------------------
     0 | D:1      | wakim the Spriggan Enchanter began the quest for the Orb.
     0 | D:1      | Reached XP level 1. HP: 9/9 MP: 5/5
   365 | D:1      | Reached XP level 2. HP: 10/13 MP: 2/6
   502 | D:1      | Learned a level 2 spell: Ensorcelled Hibernation
  1064 | D:2      | Reached XP level 3. HP: 16/16 MP: 5/8
  1883 | D:3      | Found a faded altar of an unknown god.
  1962 | D:3      | Reached skill level 5 in Stealth
  1998 | D:3      | Noticed Robin
  2026 | D:3      | Reached skill level 1 in Ice Magic
  2107 | D:3      | Killed Robin
  2108 | D:3      | Reached XP level 4. HP: 18/21 MP: 2/9
  2178 | D:3      | Reached skill level 1 in Shields
  2227 | D:3      | Found a large runed translucent door.
  2235 | D:3      | Found a large runed translucent door.
  2244 | D:3      | Found an iron altar of Okawaru.
  2254 | D:3      | Found a broken altar of Ashenzari.
  2499 | D:3      | Found a shadowy altar of Dithmenos.
  2939 | D:3      | Noticed an ice beast
  2960 | D:4      | Found an ancient bone altar of Kikubaaqudgha.
  3292 | D:3      | Found a basalt altar of Yredelemnul.
  3456 | D:4      | Noticed a human
  3458 | D:4      | Killed a human
  3795 | D:4      | Noticed Grinder
  4347 | D:5      | Entered Level 5 of the Dungeon
  4347 | D:5      | Noticed a vampire
  4406 | D:4      | Found a snail-covered altar of Cheibriados.
  4478 | D:4      | Reached XP level 5. HP: 5/24 MP: 10/10
  4745 | D:4      | Noticed a black bear
  4752 | D:4      | Killed a black bear
  4753 | D:4      | Reached skill level 5 in Hexes
  4769 | D:4      | Noticed Natasha
  4787 | D:4      | Reached XP level 6. HP: 23/28 MP: 8/11
  4795 | D:4      | Killed Natasha
  4927 | D:4      | Reached skill level 6 in Stealth
  5213 | D:5      | Noticed Menkaure
  5239 | D:5      | Killed Menkaure
  5248 | D:5      | Slain by a vampire

Illustrated notes

Levels and vault maps discovered:
D:1:      lemuel_arrival_funnel, layout_basic
D:2:      layout_basic, nicolae_underground_beach
D:3:      layout_loops_cross, nicolae_overflow_hidden_temple,
          jmf_multi_god_temple2, lemuel_coloured_pillars_altar,
          shapermc_ecumenical_altar_starsandcircs, amethyst_killhole,
          minmay_lizard_king, uniq_robin
D:4:      layout_basic, general_overflow_altar, tgw_kikubaaqudgha, st_stairs_8,
          grunt_ministairs_1, uniq_natasha, uniq_grinder
D:5:      layout_layer_cave, marbit_many_paths, hex_large, grunt_ministairs_1,
          chequers_avenue, grunt_decor_clamped, uniq_edmund, uniq_pikel,
          uniq_menkaure

Skill      XL: |  1  2  3  4  5  6 |
---------------+-------------------+-----
Hexes          | 4 5 |  5.0
Stealth        | 5 6 |  6.5
Ice Magic      | 1 2 |  2.0
Shields        | 1 2 |  2.2
Dodging        | 3 4 |  4.4
Short Blades   | 2 3 |  3.5
Spellcasting   | |  2.6

Action                   |  1- 3 |  4- 6 || total
-------------------------+-------+-------++-------
Melee: Dagger            |   106 |   103 ||   209
Throw: Dart              |       |     4 ||     4
 Cast: Corona            |     8 |     2 ||    10
       Ensorcelled Hiber |    21 |    35 ||    56
  Use: Scroll            |     1 |     6 ||     7
 Stab: Sleeping          |    23 |    23 ||    46
       Distracted        |     1 |       ||     1
Armor: Robe              |     7 |     4 ||    11
Dodge: Dodged            |    68 |    59 ||   127
Block: Buckler           |    25 |    23 ||    48

Table legend: (Time is in decaauts)
 A = Elapsed time spent in this place.
 B = Non-inter-level travel time spent in this place.
 C = Inter-level travel time spent in this place.
 D = Time resting spent in this place.
 E = Time spent auto-exploring this place.
 F = Levels seen in this place.
 G = Mean time per level.
                   A        B        C        D        E       F      G
               +--------+--------+--------+--------+--------+-----+--------+
         Total |   3973 |   3895 |     78 |    447 |   2582 |   5 |  794.6 |
       Dungeon |   3973 |   3895 |     78 |    447 |   2582 |   5 |  794.6 |
               +--------+--------+--------+--------+--------+-----+--------+

Top non-repeatable levels by time:
     D:4: 1432 daAuts
     D:3: 1101 daAuts
     D:2: 833 daAuts
     D:1: 438 daAuts
     D:5: 168 daAuts
